 Dungeon Crawl Stone Soup version bcrawl-1.19.2-6-g6a88ae04c9 (webtiles) character file.

Game seed: 1901832357822491569

34 Mrkan the Sneak (level 3, -1/29 HPs)
             Began as a Hill Orc Archaeologist on Dec 21, 2019.
             Killed by nerve-wracking pain
             ... invoked by Jessica
              (7 damage)
             ... on level 2 of the Dungeon.
             The game lasted 00:02:24 (1334 turns).

Mrkan the Sneak (Hill Orc Archaeologist)            Turns: 1334, Time: 00:02:25

Health: -1/29      AC:  6    Str: 13    XL:     3   Next: 31%
Magic:  3/3        EV: 12    Int: 14    God:
Gold:   121        SH:  0    Dex: 10    Spells: 2/2 levels left

rFire    . . .     SeeInvis .   a - +0 whip
rCold    . . .     Gourm    .   (no shield)
rNeg     . . .     Faith    .   b - +1 robe
rPois    .         Spirit   .   c - +1 hat
rElec    .         Reflect  .   (no cloak)
rCorr    .         Harm     .   (no gloves)
MR       .....                  d - +1 pair of boots
Stlth    ++........             (no amulet)
HPRegen  0.09/turn              (no ring)
MPRegen  0.08/turn              (no ring)

@: slowed, studying Fighting, very slow
A: no striking features
a: no special abilities


You were on level 2 of the Dungeon.
You were hungry.

You visited 1 branch of the dungeon, and saw 2 of its levels.

You collected 121 gold pieces.

Inventory:

Hand Weapons
 a - a +0 whip (weapon)
Armour
 b - a +1 robe (worn)
 c - a +1 hat (worn)
 d - a +1 pair of boots (worn)
Jewellery
 o - a +2 ring of intelligence {unknown}
Wands
 r - a wand of disintegration (8)
Scrolls
 h - a scroll of teleportation {unknown}
 i - 2 scrolls of immolation {unknown}
 k - a scroll of remove curse {unknown}
 m - 2 scrolls of identify {unknown}
 p - a scroll of noise {unknown}
Potions
 j - 2 potions of heal wounds {unknown}
 n - a potion of cancellation {unknown}
 q - a potion of curing {unknown}
Books
 e - a manual of Fighting
Miscellaneous
 f - an ancient crate
Comestibles
 g - 4 rations {!d}


   Skills:
 * Level 2.0 Fighting
   Level 2.0 Short Blades
   Level 2.0 Long Blades
   Level 2.0 Axes
   Level 2.0 Maces & Flails
   Level 2.0 Polearms
   Level 2.0 Staves
 + Level 0.1 Armour
 + Level 2.7 Dodging
 - Level 3.0 Stealth
   Level 2.0 Unarmed Combat


You had 2 spell levels left.
You didn't know any spells.
Your spell library was empty.

Dungeon Overview and Level Annotations

Branches:
Dungeon (2/12)

Altars:

Annotations:
D:2 Jessica


Message History

You hit Jessica but do no damage.
Jessica is severely wounded.
Jessica misses you.
You hit Jessica but do no damage.
Jessica is severely wounded.
Jessica barely misses you.
Jessica gestures wildly while chanting.
Jessica blinks!
Jessica casts a spell.
Jessica blinks!
Jessica gestures wildly while chanting.
Jessica blinks!
Jessica gestures at you while chanting.
You feel yourself slow down. Jessica casts a spell at you.
You barely resist. Jessica hits you but does no damage.
Jessica casts a spell at you. Pain shoots through your body!
You die...

#########
#.......#
#.......#
#####.......#
######...........#
#.@@...###.......#
#.###### #....@..#
#..# #######..#
##.# #.# #.# ..
#.######## .
#.##.....# .
#..#.....#
##.......#


You could see Jessica.

Vanquished Creatures
  A dart slug (D:1)
  4 leopard geckos (D:1)
  2 bats (D:1)
  A giant cockroach (D:1)
  2 goblins (D:1)
  2 hobgoblins
  4 jackals (D:1)
  A frilled lizard (D:1)
  6 kobolds
  4 rats (D:1)
  A toadstool (D:1)
28 creatures vanquished.

Vanquished Creatures (others)
  3 toadstools (D:1)
3 creatures vanquished.

Grand Total: 31 creatures vanquished

Notes
Turn   | Place    | Note
-------+----------+-------------------------------------------
     0 | D:1      | Mrkan the Hill Orc Archaeologist began the quest for the
                  | Orb.
     0 | D:1      | Reached XP level 1. HP: 15/15 MP: 1/1
    70 | D:1      | Reached skill level 1 in Fighting
    83 | D:1      | Reached XP level 2. HP: 12/23 MP: 2/2
   714 | D:1      | Reached skill level 3 in Stealth
   773 | D:1      | Reached XP level 3. HP: 28/29 MP: 3/3
  1294 | D:2      | Noticed Jessica
  1334 | D:2      | Killed from afar by Jessica

Skill      XL: |  1  2  3 |
---------------+----------+-----
Fighting       | 1 2 |  2.0
Stealth        | 3 |  3.0
Short Blades   | |  2.0
Long Blades    | |  2.0
Axes           | |  2.0
Maces & Flails | |  2.0
Polearms       | |  2.0
Staves         | |  2.0
Armour         | |  0.1
Dodging        | |  2.7
Unarmed Combat | |  2.0

Action                   || total
-------------------------++-------
Melee: Whip              ||   173
 Stab: Sleeping          ||     1
  Eat: Chunk             ||     1
Armor: Robe              ||    74
Dodge: Dodged            ||   159
